Zazz, chaotic male elven Priest --------- #.....`.$-# --------------- #|.......|## ..............| #---------# ###|...@.........| ### # ######...'..........| # # ### |...f.........| # # # -.............| -------------# # # --------------- |...........-# # # |..(........| # # |...........| # # |...........| # ------## |...........-##########|....+# |.......>...| ##|..<.|# ------------- ##.....|# #|.....# ------ Zazz the Acolyte Experience level: 3 Strength: 13 Dexterity: 12 Constitution: 12 Intelligence: 10 Wisdom: 20 Charisma: 9 Health: 0(25) Energy: 42(42) Def: 3 Gold: 728 Moves: 1397 Dungeon seed: D7GG1ub2hHIi_3uf Game ID: Zazz_1614274586 Your Inventory: Coins $ - 728 gold pieces Weapons a - a blessed +1 mace (weapon in hand) j - 19 +0 darts (in quiver) Armor e - a blessed +0 robe (being worn) n - a +0 small shield (being worn) Comestibles c - a clove of garlic d - a sprig of wolfsbane u - a partly eaten lichen corpse Scrolls m - a scroll of identify s - a scroll of remove curse Spellbooks f - a spellbook of detect monsters g - a spellbook of light Potions b - 4 potions of holy water r - a potion of speed Rings k - a ring of invisibility t - a ring of levitation Wands i - a wand of cancellation (0:3) Tools h - a wooden flute Spells and supernatural/magical abilities: Name Level Category Fail Memory l - light 1 divination 0% 94% n - detect monsters 1 divination 0% 94% W - pray for help -- divine ? -- X - turn undead -- divine ? -- Your skills at the end: Fighting Skills Weapon Skills mace [Basic] Spellcasting Skills clerical spells [Basic] Final Attributes: You were piously aligned. You had infravision. You are dead. Vanquished creatures: a shrieker a gas spore a large kobold 3 geckos 2 jackals a fox 2 kobolds 2 sewer rats 4 grid bugs 2 lichens a kobold zombie 2 newts 22 creatures vanquished. Voluntary challenges: You used a wielded weapon 21 times, starting on turn 79. You read items or engraved 1 time, starting on turn 24. You never genocided any monsters. You never polymorphed an object. You never changed form. You used no wishes. You never split a pudding. You never wrote Elbereth's name. You never violated your personal moral code. Dungeon overview: The Dungeons of Doom: levels 1 to 5 Level 1 some sinks a long staircase Level 2 a long staircase Level 3 a potion shop, an altar to Brigit Level 4 some fountains Level 5 <- You were here History has recorded: On T:1 you entered the Dungeons of Doom to retrieve the Amulet of Yendor! On T:225 you reached level 2 of The Dungeons of Doom. On T:361 you advanced to experience level 2. On T:471 you reached level 3 of The Dungeons of Doom. On T:931 you reached level 4 of The Dungeons of Doom. On T:1039 you advanced to experience level 3. On T:1277 you reached level 5 of The Dungeons of Doom. Score breakdown: Gold: 728 ( 9738 points) Experience: 3 levels ( 7878 points) Exploration: 5 levels ( 10.64%) ( 8846 points) Discoveries: 0 items ( 0.00%) ( 0 points) Valuables value: (no points given unless you survive) Artifact value: 0 ( 0 points) Variety of kills: 12 monsters ( 3.15%) ( 5324 points) Turncount: 1397 turns ( 0 points) Survival: died (score multiplied by 80%) Total score: 25428 Latest messages: This lichen corpse tastes terrible! You stop eating. You see here 155 gold pieces. $ - 155 gold pieces. You see here a partly eaten lichen corpse. u - a partly eaten lichen corpse. The straw golem hits! (2x) You miss the straw golem. The straw golem hits! The straw golem misses. You miss the straw golem. The straw golem hits! (2x) You hit the straw golem. The straw golem hits! (2x) You miss the straw golem. The straw golem hits! (2x) You hit the straw golem! The straw golem hits! (2x) You miss the straw golem. The straw golem hits! (2x) Qwerty bites the straw golem. You miss the straw golem. The straw golem hits! (2x) You die... Final status: Goodbye Zazz the Priest, killed by a straw golem... You died in The Dungeons of Doom on dungeon level 5 with 25428 points, and 728 pieces of gold, after 1397 moves. You were level 3 with a maximum of 25 hit points when you died.